 Dungeon Crawl Stone Soup version 0.31-a0-174-g85c54bcb58 (webtiles) character file.

Game seed: 2612109948433313484

34 qw the Shooter (level 3, 0/21 HPs)
             Began as a Gargoyle Hunter on June 15, 2023.
             Slain by a goblin
             ... wielding a +0 club
             ... led by Robin
              (3 damage)
             ... on level 2 of the Dungeon.
             The game lasted 00:00:24 (902 turns).

qw the Shooter (Gargoyle Hunter)                     Turns: 902, Time: 00:00:24

Health: 0/21       AC:  0    Str: 14    XL:     3   Next: 31%
Magic:  3/3        EV: 19    Int:  9    God:
Gold:   39         SH:  0    Dex: 20    Spells: 2/2 levels left

rFire   . . .        Y - melded +0 shortbow
rCold   . . .        (shield currently unavailable)
rNeg    + . .        d - melded +0 ring mail
rPois   inf          (helmet currently unavailable)
rElec   .            (cloak currently unavailable)
rCorr   .            (gloves currently unavailable)
SInv    .            (boots currently unavailable)
Will    .....        i - amulet of faith
Stlth   ++           k - melded ring of resist corrosion
HPRegen 0.23/turn    (ring currently unavailable)
MPRegen 0.08/turn

%: faith
@: bat-form, flying, very quick
A: fast, flying, no casting, sickness immunity, AC +3, tiny, negative energy
resistance 1, (electricity resistance), torment resistance 1, petrification
resistance
a: no special abilities


You were on level 2 of the Dungeon.
You were a bat.
You visited 1 branch of the dungeon, and saw 2 of its levels.

You collected 61 gold pieces.
You spent 22 gold pieces at shops.


Innate Abilities, Weirdness & Mutations

You are a bat.
You are tiny and dextrous.
You move quickly.
You are flying.
Your equipment is almost entirely melded.
You are incapable of wielding weapons or throwing items.
You cannot cast spells.
You are immune to sickness and miasma.
((Your stone body is resilient. (AC +3)))
You are immune to poison.
You resist negative energy. (rN+)
((You are resistant to electric shocks. (rElec)))
You are resistant to unholy torment.
You are immune to petrification.


   Skills:
 - Level 2.1 Fighting
 + Level 4.9 Ranged Weapons
 - Level 1.0 Armour
 - Level 1.5 Dodging
 - Level 1.1 Stealth


You had 2 spell levels left.
You didn't know any spells.
Your spell library was empty.

Inventory:

Hand Weapons
 Y - a +0 shortbow (melded)
Armour
 d - a +0 ring mail (melded)
Jewellery
 i - an amulet of faith (around neck)
 k - a ring of resist corrosion (melded)
Scrolls
 h - 3 scrolls of identify
Potions
 j - a potion of degeneration {unknown}

Dungeon Overview and Level Annotations

Branches:
Dungeon (2/15)

Altars:

Shops:
D:1 ?

Annotations:
D:2 Robin


Message History

You shoot an arrow. The arrow closely misses the goblin.
Robin of the Strong Arm comes into view.
They are wielding a +0 spear and carrying a wand of polymorph (8).
The goblin hits you but does no damage.
You shoot an arrow. The arrow hits the goblin.
The goblin is severely wounded.
Robin roars a battlecry!
The goblin hits you with a +0 club.
You shoot an arrow. The arrow barely misses the goblin.
A goblin comes into view. It is wielding a +0 club.
Robin zaps a wand.
You resist with significant effort. The goblin hits you but does no damage.
You shoot an arrow. The goblin shouts!
The arrow hits the goblin.
You kill the goblin!
Robin throws the goblin at you! The goblin hits you with a +0 club.
The goblin barely misses you.
Robin zaps a wand.
You turn into a bat.
Your +0 shortbow melds into your body.
Your +0 ring mail melds into your body.
Your ring of resist corrosion melds into your body.
You barely miss the goblin. You hit the goblin but do no damage.
The goblin closely misses you. The goblin hits you with a +0 club.
You hit the goblin.
The goblin is moderately wounded.
The goblin closely misses you. x2
A goblin comes into view. It is wielding a +0 club.
The goblin shouts!
You hit the goblin but do no damage.
The goblin is moderately wounded.
The goblin hits you with a +0 dagger. The goblin closely misses you.
Robin roars a battlecry!
The goblin goes into a battle-frenzy!
You hit the goblin.
The goblin is severely wounded.
The goblin hits you with a +0 dagger. The goblin misses you.
You barely miss the goblin.
The goblin is severely wounded.
The goblin hits you with a +0 dagger. Robin throws the goblin at you!
The goblin hits you with a +0 club.
You die...

#.##.# #.##.# .#
#.##.# .# #.##.#
###.### #.##.#
#.....#
..##.######.....###
#.##...........#
#.##.###g....#
#...%..gb?...#
####%##)#g.###
#%##)#.## #.##.#.#
#...g... #..#.#.#
...#.#.# #.......


You could see Robin and 3 goblins.

Vanquished Creatures
  A worm (D:2)
  A dart slug (D:1)
  2 ball pythons
  3 bats (D:1)
  An endoplasm (D:1)
  3 hobgoblins (D:1)
  6 jackals
  2 quokkas (D:1)
  A frilled lizard (D:1)
  2 goblins (D:2)
  2 kobolds (D:1)
  2 rats (D:2)
26 creatures vanquished.

Notes
Turn   | Place    | Note
-------+----------+-------------------------------------------
     0 | D:1      | qw the Gargoyle Hunter began the quest for the Orb.
     0 | D:1      | Reached XP level 1. HP: 12/12 MP: 1/1
     0 | D:1      | 0 ||| qw: Version: 0.2-a-29-g511e9b1
     0 | D:1      | 0 ||| qw: Game counter: 5250
     0 | D:1      | 0 ||| qw: Always use a shield: true
     0 | D:1      | 0 ||| qw: God list: Okawaru
     0 | D:1      | 0 ||| qw: Allow faded altars: false
     0 | D:1      | 0 ||| qw: Do Orc after D:15 true
     0 | D:1      | 0 ||| qw: Do second Lair branch before Depths: true
     0 | D:1      | 0 ||| qw: Lair rune preference: random
     0 | D:1      | 0 ||| qw: Plans: Normal, Zot:1-4, Slime:5, God:TSO, Crypt,
                  | Tomb, Abyss, Pan, Hells, Win
     0 | D:1      | 0 ||| PLANNING D:1-11
   160 | D:1      | Reached XP level 2. HP: 17/17 MP: 2/2
   178 | D:1      | Found Byifeunk's Magic Scroll Shoppe.
   186 | D:1      | 186 ||| BUYING scroll of identify (22 gold).
   186 | D:1      | Bought a scroll of identify for 22 gold pieces
   186 | D:1      | 186 ||| SHOPLISTING scroll of identify (22 gold, have 4).
   186 | D:1      | 186 ||| SHOPLISTING scroll of teleportation (33 gold, have
                  | 4).
   450 | D:1      | 450 ||| Stepping ~*~*~tactically~*~*~ (outnumbered).
   685 | D:1      | 685 ||| UPGRADING to +0 ring mail.
   695 | D:1      | 695 ||| DROPPING +0 leather armour.
   696 | D:1      | 696 ||| UPGRADING to amulet of faith.
   701 | D:1      | 701 ||| UPGRADING to ring of resist corrosion.
   702 | D:1      | 702 ||| READING scroll labelled PYNUNWO VOHIUT.
   705 | D:1      | 705 ||| READING scroll labelled PASICH DU CIAMES.
   706 | D:1      | 706 ||| READING 2 scrolls of identify.
   706 | D:1      | 706 ||| IDENTIFYING orange potion
   707 | D:1      | 707 ||| DROPPING scroll of butterflies.
   807 | D:2      | HP: 3/17 [worm (9)]
   808 | D:2      | 808 ||| DRINKING potion of heal wounds.
   816 | D:2      | Reached XP level 3. HP: 20/21 MP: 3/3
   869 | D:2      | Reached skill level 1 in Armour
   893 | D:2      | Noticed Robin
   902 | D:2      | HP: 4/21 [goblin/+0 dagger[Robin] (3)]
   902 | D:2      | Slain by a goblin

Levels and vault maps discovered:
D:1:      dpeg_arrival_arbitrary_a, layout_loops_ring, serial_aquarium,
          aquarium_bridge_square [aquarium_subvault_balcony,
          aquarium_subvault_window, aquarium_subvault_bridge,
          aquarium_subvault_window], aquarium_bridge_island_small
          [aquarium_subvault_small_water, aquarium_subvault_balcony,
          aquarium_subvault_wall, aquarium_subvault_wall,
          aquarium_subvault_bridge], aquarium_window_2, aquarium_window_2,
          aquarium_window_fake, aquarium_window_2, aquarium_view_2e,
          serial_shops, shop
D:2:      layout_loops_ring, dreamdust_ecumenical_altar_statues,
          uniq_crazy_yiuf_cottage, uniq_robin

Skill      XL: |  1  2  3 |
---------------+----------+-----
Armour         | 1 |  1.0
Fighting       | |  2.1
Ranged Weapons | |  4.9
Dodging        | |  1.5
Stealth        | |  1.1

Action                     || total
---------------------------++-------
  Melee: Unarmed           ||     6
   Fire: Shortbow          ||    90
    Use: Scroll            ||     3
         Potion            ||     1
 Armour: Leather armour    ||    11
         Ring mail         ||    10
  Dodge: Dodged            ||    30

Table legend:
 A = Non-vault XP
 B = Vault XP
 C = Vault XP percentage of total XP
 D = Non-vault monster count
 E = Vault monster count
 F = Vault count percentage of total count
                 A         B        C        D         E       F
            +---------+---------+-------+---------+---------+-------
      Total |      46 |       3 |   6.1 |      24 |       2 |   7.7
            +---------+---------+-------+---------+---------+-------
        D:1 |      29 |       0 |   0.0 |      16 |       0 |   0.0
        D:2 |      17 |       3 |  15.0 |       8 |       2 |  20.0
            +---------+---------+-------+---------+---------+-------
